 Dungeon Crawl Stone Soup version 0.24.0-37-gcf1ca852f1 (webtiles) character file.

Game seed: 12293809483739782277, levelgen mode: deterministic

2972 lepoulpe303 the Cleaver (level 9, -5/82 HPs)
             Began as a Hill Orc Monk on Nov 25, 2019.
             Was an Elder of Qazlal.
             Slain by an orc knight
             ... wielding a +0 war axe
              (13 damage)
             ... in a bailey.
             The game lasted 00:25:28 (8299 turns).

lepoulpe303 the Cleaver (Hill Orc Monk)             Turns: 8299, Time: 00:25:28

Health: -5/82      AC: 21    Str: 19    XL:     9   Next: 82%
Magic:  8/14       EV:  9    Int: 10    God:    Qazlal [****..]
Gold:   291        SH:  5    Dex: 13    Spells: 8/8 levels left

rFire    . . .     SeeInvis .   a - +0 hand axe
rCold    . . .     Gourm    .   (no shield)
rNeg     . . .     Faith    .   H - +0 chain mail
rPois    .         Spirit   .   u - +1 helmet
rElec    .         Reflect  .   C - +2 cloak
rCorr    .         Harm     .   G - +0 pair of gloves
MR       .....                  (no boots)
Stlth    ..........             R - amulet of regeneration
HPRegen  0.63/turn              m - +5 ring of protection
MPRegen  0.14/turn              J - +2 ring of strength

@: about to teleport, marked, repel missiles
A: no striking features
a: Upheaval, Elemental Force, Renounce Religion


You were in a bailey.
You worshipped Qazlal.
Qazlal was greatly pleased with you.
You were very hungry.

You visited 1 branch of the dungeon, and saw 7 of its levels.
You also visited: Sewer and Bailey.

You collected 291 gold pieces.

Inventory:

Hand Weapons
 a - a +0 hand axe (weapon)
 b - a +1 hand crossbow
 o - a +2 whip of flaming
Missiles
 A - 11 boomerangs (quivered)
 I - a throwing net {=f}
 Q - 16 bolts
Armour
 d - a +4 plate armour of ponderousness {Speed-}
 u - a +1 helmet (worn)
 C - a +2 cloak (worn)
 E - a +1 scale mail
 G - a +0 pair of gloves (worn)
 H - a +0 chain mail (worn)
Jewellery
 m - a +5 ring of protection (left hand)
 x - a +3 ring of intelligence
 J - a +2 ring of strength (right hand)
 R - an amulet of regeneration (around neck)
Wands
 D - a wand of iceblast (10)
Scrolls
 f - a scroll of fog
 h - a scroll of magic mapping {!r}
 i - 5 scrolls of identify
 j - a scroll of enchant armour
 t - 6 scrolls of teleportation
 y - a scroll of immolation {!r}
Potions
 c - 4 potions of brilliance
 l - 4 potions of heal wounds
 p - 2 potions of haste {unknown}
 q - 2 potions of curing
 r - a potion of might {unknown}
 s - 2 potions of degeneration {!q}
 v - 4 potions of cancellation
 z - a potion of agility {unknown}
 B - a potion of flight {unknown}
 F - a potion of lignification {unknown}
Comestibles
 e - 10 rations


   Skills:
 * Level 8.5 Fighting
 * Level 9.3 Axes
 + Level 3.2 Crossbows
 + Level 4.7 Armour
 + Level 4.5 Dodging
 - Level 1.5 Stealth
 * Level 7.9 Invocations


You had 8 spell levels left.
You didn't know any spells.
Your spell library was empty.

Dungeon Overview and Level Annotations

Branches:
Dungeon (7/15)             Temple (0/1) D:4           Sewer (visited)
 Bailey (1/1)

Altars:
Dithmenos
Elyvilon
Gozag
Hepliaklqana
Nemelex Xobeh
Qazlal
Trog
Uskayaw
Yredelemnul
Zin
The Shining One

Shops:
D:5 :

Annotations:
D:6 2 transporters


Message History

The orc knight hits you with a +0 war axe.
* * * LOW HITPOINT WARNING * * *
The orc hits you but does no damage. x2
You regained 18 hp, and now have 22/82 hp.
As you read the scroll of teleportation, it crumbles to dust.
You feel strangely unstable.
The orc no longer looks unusually strong.
The orc warrior no longer looks unusually strong.
The orc knight hits you with a +0 war axe!
* * * LOW HITPOINT WARNING * * *
A hobgoblin comes into view. It is wielding a +0 hand axe.
You block the orc's attack.
You take 14 damage, and have 8/82 hp.
You closely miss the orc. You hit the orc but do no damage.
You hit the orc knight but do no damage.
You hit the goblin.
You kill the goblin!
You closely miss the orc knight. The orc hits you but does no damage.
The orc knight hits you with a +0 war axe!
You die...

#≈g≈#
≈g≈ ≈.≈
≈g≈
##o##
##.o)##
#8)oo8#
##o@o##
##8##
###


You could see 2 orc knights, an orc warrior, 3 orcs, 2 hobgoblins and a goblin.

Levels and vault maps discovered:
D:1:      minmay_arrival_wavy_path, layout_basic
D:2:      layout_basic, overflow_temple_1_default, lemuel_doored_altar,
          grunt_dithmenos_smoke_and_mirrors, minmay_pentomino_o2
D:3:      layout_basic, grunt_temple_overflow_opulence,
          cheibrodos_sewer_entry_sluice, hangedman_decor_diamond_cutter
D:4:      minmay_clustersquares, layout_basic, minmay_temple_entry_water_ring,
          first_ration, uniq_grinder, uniq_robin, uniq_duvessa,
          uniq_blork_the_orc
D:5:      layout_loops_ring, grunt_temple_overflow_diamond, tgw_trog,
          serial_shops, shop, tso_altar, uniq_eustachio
D:6:      gammafunk_steamed_eel, layout_basic, kennysheep_little_box,
          lemuel_old_faithful
D:7:      layout_basic, enter_bailey_6, okawaru_humans
Bailey:   bailey_axe_1, bailey

Notes
Turn   | Place    | Note
-------+----------+-------------------------------------------
     0 | D:1      | lepoulpe303 the Hill Orc Monk began the quest for the Orb.
     0 | D:1      | Reached XP level 1. HP: 19/19 MP: 1/1
   195 | D:1      | Identified a +0 dagger
   206 | D:1      | Identified a cursed -2 short sword
   212 | D:1      | Reached XP level 2. HP: 21/27 MP: 2/2
   294 | D:1      | Identified a +0 dagger
   320 | D:1      | Reached skill level 4 in Fighting
  1051 | D:1      | Identified a +0 short sword
  1162 | D:1      | Identified a +0 ring mail (You found it on level 1 of the
                  | Dungeon)
  1180 | D:2      | Found a shadowy altar of Dithmenos.
  1180 | D:2      | Identified a +0 club
  1185 | D:2      | Reached XP level 3. HP: 33/33 MP: 3/3
  1222 | D:2      | Reached skill level 1 in Armour
  1229 | D:2      | Identified a +0 dagger
  1231 | D:2      | Identified a +0 club
  1268 | D:2      | Identified a +0 club
  1577 | D:2      | Identified a +0 club
  1644 | D:2      | Found a hazy altar of Hepliaklqana.
  1649 | D:2      | Identified a +0 hand axe
  1677 | D:2      | Identified a +0 ring mail
  1677 | D:2      | Identified a +5 ring of protection
  1710 | D:2      | Found a stormy altar of Qazlal.
  2206 | D:2      | Became a worshipper of Qazlal Stormbringer
  2206 | D:2      | Reached * piety under Qazlal
  2206 | D:2      | Reached ** piety under Qazlal
  2270 | D:3      | Reached skill level 1 in Invocations
  2270 | D:3      | Reached XP level 4. HP: 33/41 MP: 4/4
  2281 | D:3      | Identified a +0 dagger
  2328 | D:3      | Identified a cursed -2 club
  2330 | D:3      | Reached skill level 5 in Axes
  2388 | D:3      | Found a glowing drain.
  2409 | Sewer    | Entered a sewer
  2536 | Sewer    | Identified a +0 dagger
  2536 | Sewer    | Identified a +0 short sword
  2536 | Sewer    | Identified a +2 short sword of venom
  2536 | Sewer    | Noticed a big kobold
  2545 | Sewer    | Killed a big kobold
  2545 | Sewer    | Reached skill level 2 in Invocations
  2545 | Sewer    | Reached XP level 5. HP: 20/47 MP: 6/6
  2559 | Sewer    | HP: 11/47 [poisoned by a big kobold]
  2564 | Sewer    | HP: 10/47 [poisoned by a big kobold]
  2571 | Sewer    | HP: 9/47 [poisoned by a big kobold]
  2579 | Sewer    | HP: 8/47 [poisoned by a big kobold]
  2792 | Sewer    | Reached skill level 5 in Fighting
  2932 | Sewer    | Reached skill level 2 in Armour
  3090 | Sewer    | Reached skill level 3 in Dodging
  3106 | Sewer    | Reached XP level 6. HP: 56/56 MP: 7/7
  3114 | Sewer    | Identified a +0 short sword of electrocution
  3114 | Sewer    | Identified a +0 hand crossbow
  3121 | Sewer    | Identified a cursed -1 dagger
  3156 | Sewer    | Identified a +2 whip of flaming
  3205 | Sewer    | Reached *** piety under Qazlal
  3208 | Sewer    | Identified a +0 hand axe
  3273 | Sewer    | Identified a +0 whip
  3325 | Sewer    | Reached skill level 3 in Invocations
  3342 | Sewer    | Identified a +0 hand crossbow
  3342 | Sewer    | Identified a +0 short sword
  3350 | Sewer    | Reached skill level 6 in Axes
  3350 | Sewer    | Identified a +2 short sword of protection
  3366 | Sewer    | Identified a +0 club
  3878 | D:3      | Identified a +0 flail
  3883 | D:3      | Identified a cursed +0 club
  3941 | D:3      | Identified a +0 club
  3987 | D:3      | Identified a +0 leather armour
  3989 | D:3      | Identified a cursed -2 short sword
  3993 | D:3      | Identified a +0 dagger
  4000 | D:3      | Identified a +0 mace
  4000 | D:3      | Identified a +0 leather armour
  4000 | D:3      | Identified a +3 ring of intelligence
  4364 | D:3      | Identified a +0 dagger
  4373 | D:3      | Found a sparkling altar of Nemelex Xobeh.
  4378 | D:3      | Found an opulent altar of Gozag.
  4628 | D:4      | Identified a +0 dagger
  4628 | D:4      | Identified a +0 robe
  4628 | D:4      | Noticed Dowan
  4629 | D:4      | Identified a +0 rapier
  4629 | D:4      | Identified a +0 leather armour
  4629 | D:4      | Noticed Duvessa
  4663 | D:4      | Killed Duvessa
  4663 | D:4      | Reached XP level 7. HP: 51/62 MP: 9/9
  4675 | D:4      | Killed Dowan
  4675 | D:4      | Reached skill level 4 in Invocations
  4941 | D:4      | Reached **** piety under Qazlal
  4941 | D:4      | Reached skill level 6 in Fighting
  4970 | D:4      | Found a staircase to the Ecumenical Temple.
  4978 | D:4      | Identified a +0 giant spiked club
  4982 | D:4      | Reached skill level 1 in Crossbows
  5018 | D:4      | Identified a +0 halberd
  5018 | D:4      | Identified a +0 robe
  5018 | D:4      | Noticed Blork the orc
  5028 | D:4      | Killed Blork the orc
  5028 | D:4      | Reached skill level 3 in Armour
  5065 | D:4      | Noticed Grinder
  5083 | D:4      | Killed Grinder
  5083 | D:4      | Reached skill level 7 in Axes
  5083 | D:4      | Reached skill level 5 in Invocations
  5083 | D:4      | Reached XP level 8. HP: 62/71 MP: 11/11
  5108 | D:4      | Identified a +0 mace
  5110 | D:4      | Identified a +0 dagger
  5168 | D:4      | Identified a +0 club
  5168 | D:4      | Identified a +0 animal skin
  5168 | D:4      | Identified a +0 helmet
  5168 | D:4      | Noticed Robin
  5169 | D:4      | Identified a +0 club
  5171 | D:4      | Identified a +0 dagger
  5172 | D:4      | Identified a +0 club
  5176 | D:4      | Identified a +0 club
  5181 | D:4      | Killed Robin
  5201 | D:4      | Identified a +0 club
  5201 | D:4      | Identified a +0 hunting sling
  5452 | D:4      | Identified a +0 giant spiked club
  5489 | D:4      | Identified a +0 scale mail (You found it on level 4 of the
                  | Dungeon)
  5579 | D:4      | Identified 5 scrolls of identify
  5579 | D:4      | Identified an amulet of regeneration (You found it on level
                  | 3 of the Dungeon)
  5581 | D:4      | Identified 5 scrolls of teleportation
  5582 | D:4      | Identified 2 scrolls of fog
  5583 | D:4      | Identified 2 scrolls of enchant armour
  5584 | D:4      | Identified 2 scrolls of random uselessness
  5586 | D:4      | Identified 2 scrolls of magic mapping
  5679 | D:4      | Identified a +4 plate armour of ponderousness (You found it
                  | on level 4 of the Dungeon)
  5746 | D:5      | Entered Level 5 of the Dungeon
  5804 | D:5      | Identified a +0 dagger
  5817 | D:5      | Identified a cursed -1 hand axe
  5817 | D:5      | Identified a +0 leather armour
  5833 | D:5      | Reached skill level 7 in Fighting
  5833 | D:5      | Reached skill level 2 in Crossbows
  5858 | D:5      | Found Onesed's Book Boutique.
  5908 | D:5      | Identified a +0 dagger
  5908 | D:5      | Identified a +0 leather armour
  5917 | D:5      | Reached skill level 8 in Axes
  5917 | D:5      | Reached skill level 6 in Invocations
  5926 | D:5      | Reached skill level 4 in Dodging
  5930 | D:5      | Identified a +0 rapier
  5930 | D:5      | Identified a +0 leather armour
  5930 | D:5      | Noticed Eustachio
  5970 | D:5      | Killed Eustachio
  5970 | D:5      | Reached XP level 9. HP: 79/79 MP: 13/13
  5992 | D:5      | Reached skill level 4 in Armour
  6012 | D:5      | Identified a +0 flail of holy wrath
  6012 | D:5      | Identified a cursed +0 chain mail
  6194 | D:5      | Identified a +0 shortbow
  6526 | D:5      | Identified a +2 cloak (You found it on level 5 of the
                  | Dungeon)
  6611 | D:5      | Found a basalt altar of Yredelemnul.
  6613 | D:5      | Found a hide-covered altar of Uskayaw.
  6613 | D:5      | Found a white marble altar of Elyvilon.
  6703 | D:5      | Found a glowing golden altar of the Shining One.
  6807 | D:5      | Noticed a moth of wrath
  6825 | D:5      | Found a bloodstained altar of Trog.
  6907 | D:5      | Identified a +0 chain mail (You found it on level 5 of the
                  | Dungeon)
  6941 | D:6      | Identified a +0 club
  6943 | D:6      | Identified a +0 shortbow
  6944 | D:6      | Identified a +0 flail of pain
  7046 | D:6      | Reached skill level 7 in Invocations
  7058 | D:6      | Identified 2 scrolls of remove curse
  7059 | D:6      | Identified a ring of evasion (You found it on level 4 of
                  | the Dungeon)
  7061 | D:6      | Identified a ring of strength (You found it on level 6 of
                  | the Dungeon)
  7062 | D:6      | Identified 4 potions of brilliance
  7063 | D:6      | Identified 2 potions of degeneration
  7064 | D:6      | Identified 4 potions of cancellation
  7107 | D:6      | Found a transporter.
  7227 | D:6      | Identified a +0 giant spiked club
  7307 | D:6      | Found a transporter.
  7342 | D:6      | Reached skill level 8 in Fighting
  7423 | D:6      | Identified a +0 mace
  7424 | D:6      | Identified a +0 club
  7426 | D:6      | Identified a +0 mace
  7437 | D:6      | Identified a +0 pair of gloves (You found it on level 6 of
                  | the Dungeon)
  7593 | D:6      | Found a glowing silver altar of Zin.
  8101 | D:7      | Identified a +0 dagger
  8101 | D:7      | Identified a +0 robe
  8102 | D:7      | Identified a +1 helmet (You found it on level 7 of the
                  | Dungeon)
  8106 | D:7      | Identified a +0 club
  8106 | D:7      | Identified a +0 ring mail
  8112 | D:7      | Identified a +0 hand axe
  8112 | D:7      | Identified a +0 chain mail
  8115 | D:7      | Identified a +0 club
  8120 | D:7      | Reached skill level 9 in Axes
  8145 | D:7      | Identified a +0 halberd
  8147 | D:7      | Identified a +0 shortbow
  8148 | D:7      | Reached skill level 3 in Crossbows
  8149 | D:7      | Identified a +0 flail
  8174 | D:7      | Identified a +0 spear
  8239 | D:7      | Found a flagged portal.
  8249 | Bailey   | Entered a bailey
  8251 | Bailey   | Identified 2 scrolls of immolation
  8252 | Bailey   | Identified a scroll of fear
  8253 | Bailey   | Identified a scroll of enchant weapon
  8273 | Bailey   | Identified a +0 hand axe
  8273 | Bailey   | Identified a +0 leather armour
  8273 | Bailey   | Identified a +0 hand axe
  8273 | Bailey   | Identified a +0 leather armour
  8274 | Bailey   | Identified a +0 battleaxe
  8274 | Bailey   | Identified a +0 ring mail
  8274 | Bailey   | Identified a cursed -2 hand axe
  8274 | Bailey   | Identified a +0 leather armour
  8278 | Bailey   | Identified a +0 war axe
  8278 | Bailey   | Identified a +0 plate armour
  8278 | Bailey   | Noticed an orc knight
  8280 | Bailey   | Identified a +0 war axe
  8280 | Bailey   | Identified a cursed +0 plate armour
  8280 | Bailey   | Noticed an orc knight
  8283 | Bailey   | Identified a +0 hand axe
  8283 | Bailey   | Identified a +0 leather armour
  8285 | Bailey   | Identified a +0 hand axe
  8285 | Bailey   | Identified a +0 leather armour
  8287 | Bailey   | Identified a +0 hand axe
  8287 | Bailey   | Identified a +0 leather armour
  8290 | Bailey   | Identified a +0 broad axe
  8290 | Bailey   | Identified a +0 ring mail
  8292 | Bailey   | Identified a +0 hand axe
  8292 | Bailey   | Identified a +0 leather armour
  8293 | Bailey   | Identified 3 potions of curing
  8294 | Bailey   | Identified 7 potions of heal wounds
  8294 | Bailey   | HP: 16/82 [orc knight/+0 war axe (26)]
  8295 | Bailey   | Identified a +0 hand axe
  8295 | Bailey   | Identified a +0 leather armour
  8295 | Bailey   | HP: 4/82 [orc knight/+0 war axe (11)]
  8296 | Bailey   | Identified a +0 hand axe
  8296 | Bailey   | Identified a +0 leather armour
  8298 | Bailey   | Identified a +0 hand axe
  8298 | Bailey   | Identified a +0 leather armour
  8299 | Bailey   | Slain by an orc knight

Table legend:
 A = Turns spent in this place as a percentage of turns spent in the entire game.
 B = Non-inter-level travel turns spent in this place as a percentage of non-inter-level travel turns spent in the entire game.
 C = Inter-level travel turns spent in this place as a percentage of turns spent in this place.
 D = Turns resting spent in this place as a percentage of non-inter-level travel turns spent in this place.
 E = Turns spent auto-exploring this place as a percentage of non-inter-level travel turns spent in this place.
 F = Non-inter-level travel turns spent in this place divided by the number of levels of this place that you've seen.
                   A       B       C       D       E      F
               +-------+-------+-------+-------+-------+----------------------
         Total | 100.0 | 100.0 |   8.7 |  17.8 |  57.2 | 842.2
       Dungeon |  83.7 |  82.2 |  10.3 |  11.7 |  64.3 | 890.0
         Sewer |  15.7 |  17.2 |   0.0 |  47.7 |  25.2 | 1300.0
        Bailey |   0.6 |   0.7 |   0.0 |   0.0 |   0.0 |  50.0
               +-------+-------+-------+-------+-------+----------------------

Table legend:
 A = Kills in this place as a percentage of kills in entire the game.
 B = Kills by you in this place as a percentage of kills by you in the entire game.
 C = Kills by friends in this place as a percentage of kills by friends in the entire game.
 D = Other kills in this place as a percentage of other kills in the entire game.
 E = Experience gained in this place as a percentage of experience gained in the entire game.
 F = Experience gained in this place divided by the number of levels of this place that you have seen.
                   A       B       C       D       E      F
               +-------+-------+-------+-------+-------+----------------------
         Total | 100.0 | 100.0 | 100.0 | 100.0 | 100.0 | 471.9
       Dungeon |  74.8 |  74.9 |   0.0 | 100.0 |  87.8 | 532.7
         Sewer |  22.9 |  23.2 |   0.0 |   0.0 |   8.8 | 373.0
        Bailey |   2.4 |   1.9 | 100.0 |   0.0 |   3.4 | 145.0
               +-------+-------+-------+-------+-------+----------------------

Skill      XL: |  1  2  3  4  5  6  7  8  9 |
---------------+----------------------------+-----
Fighting       | 4 5 6 7 8 |  8.5
Armour         | 1 2 3 4 |  4.7
Invocations    | 1 2 3 5 6 7 |  7.9
Axes           | 5 6 7 8 9 |  9.3
Dodging        | 3 4 |  4.5
Crossbows      | 1 2 3 |  3.2
Stealth        | |  1.5

Action                   |  1- 3 |  4- 6 |  7- 9 || total
-------------------------+-------+-------+-------++-------
Melee: Hand axe          |   122 |   185 |   411 ||   718
 Fire: Hand crossbow     |       |    59 |   117 ||   176
Throw: Boomerang         |       |       |     7 ||     7
Invok: Upheaval          |       |     1 |       ||     1
       Elemental Force   |       |       |     1 ||     1
  Use: Scroll            |       |       |    16 ||    16
       Potion            |       |       |     4 ||     4
  Eat: Chunk             |     4 |     8 |    11 ||    23
Armor: Robe              |    18 |       |       ||    18
       Ring mail         |    16 |    49 |    20 ||    85
       Plate armour      |       |       |    37 ||    37
       Scale mail        |       |       |    54 ||    54
       Chain mail        |       |       |   101 ||   101
Dodge: Dodged            |    88 |    99 |   168 ||   355
       Deflected         |       |       |    11 ||    11
Block: Other             |     1 |    24 |    90 ||   115

Vanquished Creatures
  Grinder (D:4)
  Eustachio (D:5)
  Duvessa (D:4)
  2 orc warriors
  2 black bears
  2 ice beasts
  3 ogres
  A phantom (D:5)
  3 centaurs
  Blork the orc (D:4)
  2 big kobolds (Sewer)
  2 bullfrogs (D:6)
  Dowan (D:4)
  A scorpion (D:4)
  A howler monkey (D:5)
  2 crimson imps (D:5)
  A centaur zombie (D:6)
  A bullfrog zombie (D:6)
  2 orc wizards
  An orc priest (D:5)
  2 bullfrog skeletons
  2 iguanas (D:6)
  7 worker ants
  A hound zombie (D:6)
  Robin (D:4)
  10 adders
  8 gnolls
  9 river rats
  An adder skeleton (D:5)
  3 worms
  4 dart slugs
  A leopard gecko (D:5)
  17 orcs
  8 ball pythons
  7 bats
  3 giant cockroaches
  12 hobgoblins
  7 jackals
  3 quokkas
  6 frilled lizards
  14 goblins
  19 kobolds
  2 quokka skeletons
  29 rats
207 creatures vanquished.

Vanquished Creatures (collateral kills)
  A goblin (Bailey)
1 creature vanquished.

Vanquished Creatures (others)
  2 orcs (D:7)
2 creatures vanquished.

Grand Total: 210 creatures vanquished
